 Dungeon Sprint DCSS version 0.27-a0-998-g4cfe56dd59 (webtiles) character file.

Game seed: 6377698127526126590

27762 Canard the Phalangite (level 13, -3/127 HPs)
             Began as a Merfolk Gladiator on Apr 16, 2021.
             Was the Champion of Okawaru.
             Engulfed by a swamp dragon's poison gas (8 damage)
             ... in the Dungeon (Sprint IX: "|||||||||||||||||||||||||||||").
             The game lasted 00:15:52 (5318 turns).

Canard the Phalangite (Merfolk Gladiator)           Turns: 5318, Time: 00:15:52

Health: -3/127     AC: 20    Str: 18    XL:     13   Next: 34%
Magic:  18/20      EV: 20    Int:  9    God:    Okawaru [******]
Gold:   1704       SH:  0    Dex: 15    Spells: 12/12 levels left

rFire    + + .     SeeInvis .   N - +2 halberd (freeze) {polearm}
rCold    . . .     Faith    .   (shield currently unavailable)
rNeg     . . .     Spirit   .   u - +1 fire dragon scales
rPois    .         Reflect  .   c - +0 helmet
rElec    .         Harm     .   I - +0 cloak
rCorr    .         Rampage  .   v - +0 pair of gloves
Will     .....     NoTele   +   b - +1 pair of boots
Stlth    ..........             (no amulet)
HPRegen  0.31/turn              x - +2 ring of evasion
MPRegen  0.17/turn              Q - ring of protection from cold

@: lethally poisoned (-3 -> -37), finesse-ful
A: (nimble swimmer 2), mertail
a: Renounce Religion, Heroism, Finesse


You were in the Dungeon.
You worshipped Okawaru.
Okawaru was exalted by your worship.
You visited 1 branch You collected 1954 gold pieces.
You spent 250 gold pieces at shops.


Innate Abilities, Weirdness & Mutations

((You are quick and stealthy near water. (Stealth+, EV+, Speed+++)))
Your lower body shifts to a powerful aquatic tail in water.


   Skills:
 - Level 20.0 Fighting
 - Level 22.0 Polearms
 - Level 2.0 Throwing
 * Level 12.6 Armour
 + Level 18.4 Dodging
 - Level 10.0 Invocations


You had 12 spell levels left.
You didn't know any spells.
Your spell library was empty.

Inventory:

Hand Weapons
 a - a +0 trident {polearm}
 k - a +0 dagger of electrocution {short}
   (You took it off a kobold in the Dungeon)
 n - a +2 scimitar of holy wrath {long}
   (You found it in the Dungeon)
 o - a +2 halberd of protection {polearm}
   (You found it in the Dungeon)
 p - a +2 vorpal dire flail {mace}
   (You found it in the Dungeon)
 q - a +1 broad axe of freezing {axe}
   (You found it in the Dungeon)
 r - a +2 rapier of holy wrath {short}
   (You found it in the Dungeon)
 t - a +0 lajatang {staff}
   (You found it in the Dungeon)
 J - a +3 vorpal hunting sling {sling}
   (Okawaru gifted it to you in the Dungeon)
 K - a +4 halberd {polearm}
   (You took it off an orc warrior in the Dungeon)
 N - a +2 halberd of freezing (weapon) {polearm}
   (Okawaru gifted it to you in the Dungeon)
 X - a +2 trident of freezing {polearm}
   (Okawaru gifted it to you in the Dungeon)
Missiles
 d - 3 throwing nets (quivered) {=f!fthrowing}
 l - 37 arrows
 B - 14 stones {throwing}
 G - 3 atropa-tipped darts {throwing}
 H - 47 bolts
 L - 5 boomerangs {throwing}
Armour
 b - a +1 pair of boots (worn)
   (You found it in the Dungeon)
 c - a +0 helmet (worn)
 u - +1 fire dragon scales (worn)
   (You found it in the Dungeon)
 v - a +0 pair of gloves (worn)
   (You found it in the Dungeon)
 w - a +2 plate armour
   (You found it in the Dungeon)
 I - a +0 cloak (worn)
   (You found it in the Dungeon)
 M - a +0 chain mail
   (You took it off an orc knight in the Dungeon)
 O - a +2 chain mail of willpower
   (You took it off an orc knight in the Dungeon)
 T - +1 ice dragon scales
   (You found it in the Dungeon)
 W - a +0 chain mail of fire resistance
   (Okawaru gifted it to you in the Dungeon)
Jewellery
 x - a +2 ring of evasion (left hand)
   (You found it in the Dungeon)
 y - a +2 ring of evasion
   (You found it in the Dungeon)
 P - a ring of see invisible
   (You found it in the Dungeon)
 Q - a ring of protection from cold (right hand)
   (You found it in the Dungeon)
 R - a ring of ice
   (You found it in the Dungeon)
 S - a ring of protection from cold
   (You found it in the Dungeon)
Wands
 s - a wand of acid (10)
   (You found it in the Dungeon)
Scrolls
 j - 4 scrolls of blinking {!r}
 C - a scroll of summoning
 D - 3 scrolls of fog
 E - 2 scrolls of enchant armour
 F - 3 scrolls of fear
 V - 2 scrolls of enchant weapon
Potions
 e - 6 potions of curing {@q1}
 f - 7 potions of heal wounds {@q2}
 g - a potion of haste {@q3}
 h - 4 potions of magic
 i - a potion of mutation {!q}
 m - a potion of invisibility
 z - a potion of might
 A - a potion of brilliance
 U - a potion of berserk rage {!q}

Dungeon Overview and Level Annotations

Branches:
Dungeon (1/1)

Altars:
Cheibriados
Dithmenos
Elyvilon
Fedhas
Gozag
Hepliaklqana
Kikubaaqudgha
Makhleb
Nemelex Xobeh
Okawaru
Qazlal
Ru
Sif Muna
Trog
Uskayaw
Vehumet
Wu Jian
Xom
Yredelemnul
Zin
The Shining One
Beogh
Jiyva
Lugonu

Shops:
D !!:!

♣♣♣♣♣♣♣▓▓▓▓▓▓▓▓▓▓▓▓▓▓▓▓
°HZ☼t)Z†D○○☼@§○☼☼§○°..▓
▓♣♣♣♣♣♣♣♣♣♣▓▓▓▓▓▓▓▓▓▓▓▓▓▓.▓
..........................▓
▓▓▓▓▓▓▓▓▓▓▓▓▓▓▓▓▓▓▓▓▓▓▓▓▓▓▓
[[.)))))))).....'.........▓
▓▓▓▓▓▓▓▓▓▓▓▓▓▓▓▓▓▓▓▓▓▓▓▓▓.▓
).........................▓
▓▓▓▓▓▓▓▓▓▓▓▓▓▓▓▓▓▓▓▓▓▓▓▓▓▓▓
......)).)))')............▓


You could see a swamp dragon and a spectral ball python (summoned).


Message History

The blast of poison misses you. 😨 HP[-10]
You take 10 damage, and now have 36/127 hp.
Reach: N) +2 halberd (freeze) {polearm}
Press: ? - help, Dir - move target, f - swamp dragon
Aim: a swamp dragon (almost dead, catching its breath, about 19% to evade your +2 halberd of freezing)
You reach to attack!
You puncture the swamp dragon! You freeze the swamp dragon.
You are engulfed in poison gas.
You are lethally poisoned!
* * * LOW HITPOINT WARNING * * *
x2 You feel very sick.
The swamp dragon is engulfed in spectral mist. 😱 HP[-6]
You take 6 damage, and now have 30/127 hp.
Unknown command.
You feel better.
You are engulfed in poison gas.
You are poisoned.
* * * LOW HITPOINT WARNING * * *
You feel sick.
The swamp dragon is engulfed in spectral mist. 😨 HP[+2] MP[+1]
You regained 2 hp, and now have 32/127 hp.
Unknown command.
Your fire dragon scales prevents you from hitting the swamp dragon.
You are engulfed in poison gas.
You are more poisoned.
* * * LOW HITPOINT WARNING * * *
x2 You feel very sick.
The swamp dragon closely misses you. The swamp dragon completely misses you.
The swamp dragon misses you. 😱 HP[-5]
You take 5 damage, and now have 27/127 hp.
Unknown command.
You puncture the swamp dragon! You freeze the swamp dragon.
You kill the swamp dragon!
Okawaru is honoured by your kill.
You are engulfed in poison gas.
You are more poisoned.
* * * LOW HITPOINT WARNING * * *
x2 You feel very sick.
Training target 20.0 for Fighting reached!
Your Fighting skill increases to level 20! 😱 HP[-5]
You take 5 damage, and now have 22/127 hp.
Unknown command.
Unknown command.
You feel better.
You are engulfed in poison gas.
You are poisoned.
* * * LOW HITPOINT WARNING * * *
You feel very sick. The spectral bat barely misses you.
A fenstrider witch comes into view. It is wielding a +0 quarterstaff.
The spectral bat completely misses you.
The ghost crab breathes spectral mist at you.
The spectral mist engulfs the spectral adder but does no damage.
The swamp dragon is engulfed in spectral mist.
The spectral bat completely misses you. 😱 HP[+3]
You regained 3 hp, and now have 25/127 hp.
Unknown command.
Unknown command.
Unknown command.
You feel very sick.
The spectral adder fades away!
The spectral bat completely misses you.
The ghost crab breathes spectral mist at you.
The spectral mist engulfs the spectral quokka but does no damage.
The swamp dragon breathes poison at you.
The blast of poison engulfs the spectral bat.
The spectral bat completely resists.
The spectral bat completely misses you. 😱 HP[-3]
You take 3 damage, and now have 22/127 hp.
Unknown command.
You are engulfed in poison gas.
You are lethally poisoned!
* * * LOW HITPOINT WARNING * * *
x2 You feel very sick.
The spectral bat barely misses you.
The spectral bat completely misses you. 😱 HP[-14]
You take 14 damage, and now have 8/127 hp.
Unknown command.
You feel better.
The swamp dragon no longer looks unusually strong.
The spectral bat completely misses you. The spectral bat closely misses you.
The swamp dragon breathes poison at you.
The blast of poison engulfs the spectral bat.
The spectral bat completely resists.
The spectral bat hits you but does no damage. 😱 HP[+9]
You regained 9 hp, and now have 17/127 hp.
You are engulfed in poison gas.
You are lethally poisoned!
* * * LOW HITPOINT WARNING * * *
x2 You feel very sick.
The spectral bat fades away! 😱 HP[-12] MP[+1]
You take 12 damage, and now have 5/127 hp.
Unknown command.
You are engulfed in poison gas.
You are more poisoned.
You die...

Skill      XL: |  1  2  3  4  5  6  7  8  9 10 11 12 13 |
---------------+----------------------------------------+-----
Polearms       | 5 9 12 15 17 19 20 21 22 | 22.0
Fighting       | 3 6 8 10 11 12 14 17 19 20 | 20.0
Armour         | 2 4 5 6 7 9 11 12 | 12.6
Dodging        | 6 9 10 13 15 17 18 | 18.4
Invocations    | 4 7 8 10 | 10.0
Throwing       | |  2.0

Action                   |  1- 3 |  4- 6 |  7- 9 | 10-12 | 13-15 || total
-------------------------+-------+-------+-------+-------+-------++-------
Melee: Trident           |    34 |    15 |       |    12 |       ||    61
       Halberd           |       |    22 |    64 |   468 |    64 ||   618
Invok: Heroism           |       |       |     3 |     5 |     1 ||     9
       Finesse           |       |       |       |     4 |     1 ||     5
  Use: Potion            |       |     1 |     1 |       |     4 ||     6
Armor: Leather armour    |    14 |       |       |       |       ||    14
       Ring mail         |       |     4 |     8 |    42 |       ||    54
       Fire dragon scale |       |       |       |     4 |    16 ||    20
Dodge: Dodged            |    25 |    14 |    37 |   176 |    38 ||   290

Levels and vault maps discovered:
D:        linesprint [early_d, line_temple, items_1, d_10, items_2, lair_1,
          lair_end, items_3, orc_1, orc_end, items_4, d_15, swamp_1, shoals_1,
          snake_1, spider_1, d_20, vaults_1, items_5, swamp_end, shoals_end,
          snake_end, spider_end, vaults_end, d_27, items_6, zot_1, zot_end,
          crypt_end, forest_end, elf_end, slime_end, tomb_end, abyss_end,
          pan_hell_end]

Notes
Turn   | Place    | Note
-------+----------+-------------------------------------------
     0 | D        | Canard the Merfolk Gladiator began the quest for the Orb.
     0 | D        | Reached XP level 1. HP: 16/16 MP: 1/1
     0 | D        | magus.rc [v1.9.6]
     4 | D        | Banished a spatial maelstrom
    10 | D        | Reached skill level 5 in Polearms
    14 | D        | Reached skill level 3 in Fighting
    34 | D        | Noticed a centaur
    42 | D        | Reached XP level 2. HP: 14/25 MP: 2/2
    47 | D        | HP: 6/25 [centaur (2)]
    50 | D        | Killed a centaur
    51 | D        | Reached skill level 6 in Fighting
    51 | D        | Reached skill level 9 in Polearms
    51 | D        | Reached XP level 3. HP: 8/35 MP: 3/3
    51 | D        | Reached XP level 4. HP: 10/41 MP: 4/4
   305 | D        | Reached skill level 7 in Fighting
   310 | D        | Found a snail-covered altar of Cheibriados.
   310 | D        | Found a shadowy altar of Dithmenos.
   310 | D        | Found a white marble altar of Elyvilon.
   310 | D        | Found a blossoming altar of Fedhas.
   310 | D        | Found an opulent altar of Gozag.
   311 | D        | Found a hazy altar of Hepliaklqana.
   312 | D        | Found a viscous altar of Jiyva.
   313 | D        | Found an ancient bone altar of Kikubaaqudgha.
   314 | D        | Found a corrupted altar of Lugonu.
   315 | D        | Found a burning altar of Makhleb.
   316 | D        | Found a sparkling altar of Nemelex Xobeh.
   317 | D        | Found an iron altar of Okawaru.
   318 | D        | Found a stormy altar of Qazlal.
   319 | D        | Found a sacrificial altar of Ru.
   320 | D        | Found a shimmering blue altar of Sif Muna.
   321 | D        | Found a bloodstained altar of Trog.
   322 | D        | Found a hide-covered altar of Uskayaw.
   323 | D        | Found a radiant altar of Vehumet.
   324 | D        | Found an ornate altar of the Wu Jian Council.
   325 | D        | Became a worshipper of Warmaster Okawaru
   326 | D        | Found a shimmering altar of Xom.
   327 | D        | Found a basalt altar of Yredelemnul.
   328 | D        | Found a glowing silver altar of Zin.
   329 | D        | Found a glowing golden altar of the Shining One.
   435 | D        | Noticed a komodo dragon
   435 | D        | Noticed a two-headed ogre
   435 | D        | Noticed a wraith
   449 | D        | Killed a wraith
   450 | D        | Reached skill level 8 in Fighting
   450 | D        | Reached skill level 12 in Polearms
   450 | D        | Reached skill level 2 in Armour
   450 | D        | Reached skill level 6 in Dodging
   450 | D        | Reached XP level 5. HP: 34/49 MP: 5/5
   450 | D        | Reached XP level 6. HP: 39/56 MP: 6/6
   458 | D        | Killed a two-headed ogre
   458 | D        | Reached * piety under Okawaru
   459 | D        | Reached skill level 10 in Fighting
   459 | D        | Reached skill level 15 in Polearms
   459 | D        | Reached skill level 4 in Armour
   459 | D        | Reached skill level 9 in Dodging
   459 | D        | Reached XP level 7. HP: 51/66 MP: 7/7
   459 | D        | Reached XP level 8. HP: 55/72 MP: 8/8
   461 | D        | Reached skill level 10 in Dodging
   463 | D        | HP: 13/72 [komodo dragon (12)]
   464 | D        | Killed a komodo dragon
   464 | D        | Reached ** piety under Okawaru
   465 | D        | Reached skill level 16 in Polearms
   465 | D        | Reached skill level 2 in Invocations
   723 | D        | Noticed a cyclops
   723 | D        | Noticed a cyan ugly thing
   723 | D        | Noticed a centaur warrior
   723 | D        | Noticed a manticore
   723 | D        | Noticed a death knight
   964 | D        | Killed a death knight
   965 | D        | Reached skill level 11 in Fighting
   965 | D        | Reached skill level 17 in Polearms
   965 | D        | Reached skill level 5 in Armour
   965 | D        | Reached skill level 4 in Invocations
   965 | D        | Reached XP level 9. HP: 47/81 MP: 9/12
  1121 | D        | Killed a manticore
  1121 | D        | Reached *** piety under Okawaru
  1122 | D        | Reached skill level 18 in Polearms
  1122 | D        | Reached skill level 5 in Invocations
  1127 | D        | Killed a centaur warrior
  1128 | D        | Reached skill level 12 in Fighting
  1128 | D        | Reached skill level 19 in Polearms
  1128 | D        | Reached skill level 6 in Armour
  1128 | D        | Reached skill level 6 in Invocations
  1133 | D        | HP: 9/82 [acid (14)]
  1137 | D        | Reached skill level 7 in Invocations
  1346 | D        | HP: 15/82 [cyan ugly thing (13)]
  1348 | D        | Killed a cyan ugly thing
  1348 | D        | Reached **** piety under Okawaru
  1349 | D        | Reached XP level 10. HP: 16/89 MP: 15/15
  1673 | D        | Killed a cyclops
  1927 | D        | Noticed an eight-headed hydra
  1931 | D        | Noticed a cane toad
  1932 | D        | Reached skill level 20 in Polearms
  1932 | D        | Reached skill level 8 in Invocations
  1942 | D        | Reached skill level 7 in Armour
  1954 | D        | Killed an eight-headed hydra
  1955 | D        | Reached skill level 13 in Fighting
  1955 | D        | Reached skill level 12 in Dodging
  2229 | D        | Killed a cane toad
  2230 | D        | Reached skill level 13 in Dodging
  2233 | D        | Reached ***** piety under Okawaru
  2233 | D        | Received a gift from Okawaru
  2268 | D        | Noticed a black mamba
  2268 | D        | Noticed a cane toad
  2278 | D        | Killed a cane toad
  2279 | D        | Reached skill level 14 in Fighting
  2299 | D        | Reached XP level 11. HP: 43/100 MP: 10/17
  2304 | D        | Reached skill level 14 in Dodging
  2304 | D        | Reached skill level 9 in Invocations
  2591 | D        | Reached skill level 8 in Armour
  2803 | D        | Reached skill level 15 in Fighting
  2875 | D        | Noticed an orc knight
  2883 | D        | Noticed an orc sorcerer
  2899 | D        | Noticed a sun demon
  2907 | D        | Killed an orc knight
  2908 | D        | Reached skill level 10 in Invocations
  2925 | D        | Killed an orc sorcerer
  2925 | D        | Received a gift from Okawaru
  2937 | D        | Reached skill level 15 in Dodging
  2997 | D        | Noticed an orc knight
  3200 | D        | Killed an orc knight
  3201 | D        | Reached skill level 16 in Fighting
  3264 | D        | Found Nayxzid's Distillery.
  3264 | D        | Noticed an orc high priest
  3264 | D        | Noticed an orc knight
  3264 | D        | Noticed an orc high priest
  3264 | D        | Noticed an orc knight
  3264 | D        | Noticed an orc knight
  3265 | D        | Noticed an orc high priest
  3269 | D        | Noticed a sun demon
  3275 | D        | Killed an orc knight
  3276 | D        | Reached skill level 9 in Armour
  3281 | D        | Killed an orc knight
  3289 | D        | Killed an orc high priest
  3290 | D        | Reached skill level 17 in Fighting
  3294 | D        | Killed an orc knight
  3294 | D        | Received a gift from Okawaru
  3307 | D        | Killed an orc high priest
  3309 | D        | Noticed an orc knight
  3310 | D        | Killed an orc high priest
  3311 | D        | Reached XP level 12. HP: 75/116 MP: 14/19
  3313 | D        | Found Tirchof's Book Shop.
  3323 | D        | Reached skill level 18 in Fighting
  3323 | D        | Reached skill level 10 in Armour
  3323 | D        | Found Ezxecem's Distillery.
  3325 | D        | Found Qaod Don's Distillery.
  3325 | D        | Noticed an orc high priest
  3340 | D        | Killed an orc high priest
  3356 | D        | HP: 27/116 [orc knight/+0 halberd (13)]
  3363 | D        | HP: 18/116 [orc knight/+0 halberd (7)]
  3561 | D        | HP: 28/116 [orc knight/+0 halberd (3)]
  4126 | D        | Bought a potion of heal wounds for 70 gold pieces
  4126 | D        | Bought a potion of heal wounds for 70 gold pieces
  4132 | D        | Bought a potion of heal wounds for 55 gold pieces
  4132 | D        | Bought a potion of heal wounds for 55 gold pieces
  4187 | D        | Noticed Grum
  4200 | D        | Killed Grum
  4205 | D        | Reached skill level 16 in Dodging
  4361 | D        | Reached skill level 21 in Polearms
  4361 | D        | Noticed a stone giant
  4361 | D        | Noticed a fire dragon
  4366 | D        | Noticed a fire giant
  4379 | D        | Noticed a frost giant
  4380 | D        | Reached ****** piety under Okawaru
  4380 | D        | Received a gift from Okawaru
  4381 | D        | Reached skill level 11 in Armour
  4388 | D        | Killed a stone giant
  4388 | D        | Noticed a deep troll earth mage
  4389 | D        | Reached skill level 19 in Fighting
  4393 | D        | Killed a fire dragon
  4394 | D        | Reached skill level 17 in Dodging
  4400 | D        | Killed a fire giant
  4407 | D        | HP: 7/119 [frost giant/bolt of cold (36)]
  4410 | D        | Killed a frost giant
  4411 | D        | Reached XP level 13. HP: 8/126 MP: 16/20
  4416 | D        | Reached skill level 22 in Polearms
  4417 | D        | HP: 9/126 [deep troll earth mage (18)]
  4446 | D        | Received a gift from Okawaru
  4840 | D        | Noticed Azrael
  4855 | D        | HP: 22/127 [Azrael/damnation (28)]
  4857 | D        | Killed Azrael
  4858 | D        | Reached skill level 12 in Armour
  4858 | D        | Reached skill level 18 in Dodging
  4860 | D        | HP: 19/127 [hell hound/blast of flame[Azrael] (2)]
  4865 | D        | HP: 19/127 [fire elemental[Azrael] (1)]
  5284 | D        | Noticed an eleionoma
  5296 | D        | Killed an eleionoma
  5309 | D        | HP: 30/127 [poisoned by a swamp dragon (poison gas)]
  5313 | D        | Reached skill level 20 in Fighting
  5313 | D        | Noticed a fenstrider witch
  5314 | D        | HP: 22/127 [poison (poison gas)]
  5315 | D        | HP: 8/127 [poison (poison gas)]
  5318 | D        | Engulfed by a swamp dragon's poison gas

Vanquished Creatures
  A fire giant (D)
  A frost giant (D)
  A stone giant (D)
  Azrael (D)
  An eleionoma (D)
  A fire dragon (D)
  A hydra (D)
  A centaur warrior (D)
  A death knight (D)
  A two-headed ogre (D)
  A deep troll earth mage (D)
  A spriggan (D)
  4 orc high priests (D)
  A swamp dragon (D)
  A glowing orange brain (D)
  11 orc knights (D)
  A deep elf pyromancer (D)
  A will-o-the-wisp (D)
  An orc sorcerer (D)
  2 ugly things (D)
  A manticore (D)
  4 cyclopes (D)
  A black mamba (D)
  2 cane toads (D)
  A yaktaur (D)
  2 rime drakes (D)
  A tengu conjurer (D)
  2 komodo dragons (D)
  A hornet (D)
  A blink frog (D)
  A wraith (D)
  3 basilisks (D)
  2 yaks (D)
  3 fire elementals (D)
  Grum (D)
  A warg (D)
  An acid dragon (D)
  4 water moccasins (D)
  6 hell hounds (D)
  9 orc warriors (D)
  7 wolves (D)
  A centaur (D)
  2 bullfrogs (D)
  A wight (D)
  A howler monkey (D)
  3 orc priests (D)
  2 orc wizards (D)
  2 worms (D)
  9 orcs (D)
  A giant cockroach (D)
  A goblin (D)
  A kobold (D)
  A ball python (D)
  2 ball python zombies (D)
  A frilled lizard (D)
116 creatures vanquished.

Vanquished Creatures (others)
  A hydra (D)
  A spriggan druid (D)
  A foxfire (D)
3 creatures vanquished.

Grand Total: 119 creatures vanquished

Table legend:
 A = Non-vault XP
 B = Vault XP
 C = Vault XP percentage of total XP
 D = Non-vault monster count
 E = Vault monster count
 F = Vault count percentage of total count
                 A         B        C        D         E       F
            +---------+---------+-------+---------+---------+-------
      Total |     196 |   39465 |  99.5 |       1 |     115 |  99.1
            +---------+---------+-------+---------+---------+-------
          D |     196 |   39465 |  99.5 |       1 |     115 |  99.1
            +---------+---------+-------+---------+---------+-------

Illustrated notes

Table legend:
 A = Kills in this place as a percentage of kills in entire the game.
 B = Kills by you in this place as a percentage of kills by you in the entire game.
 C = Kills by friends in this place as a percentage of kills by friends in the entire game.
 D = Other kills in this place as a percentage of other kills in the entire game.
 E = Experience gained in this place as a percentage of experience gained in the entire game.
 F = Experience gained in this place divided by the number of levels of this place that you have seen.
                   A       B       C       D       E      F
               +-------+-------+-------+-------+-------+----------------------
         Total | 100.0 | 100.0 |   N/A |   N/A | 100.0 | 39661.0
       Dungeon | 100.0 | 100.0 |   N/A |   N/A | 100.0 | 39661.0
               +-------+-------+-------+-------+-------+----------------------

Table legend: (Time is in decaauts)
 A = Elapsed time spent in this place.
 B = Non-inter-level travel time spent in this place.
 C = Inter-level travel time spent in this place.
 D = Time resting spent in this place.
 E = Time spent auto-exploring this place.
 F = Levels seen in this place.
 G = Mean time per level.
                   A        B        C        D        E       F      G
               +--------+--------+--------+--------+--------+-----+--------+
         Total |   5064 |   5064 |      0 |   2762 |   1001 |   1 | 5064.0 |
       Dungeon |   5064 |   5064 |      0 |   2762 |   1001 |   1 | 5064.0 |
               +--------+--------+--------+--------+--------+-----+--------+

Top non-repeatable levels by time:
       D: 5064 daAuts
